 Dungeon Crawl Stone Soup version 0.22-a0-181-gb22368a (webtiles) character file.

1955 KristoblXynda the Covert (level 8, -1/36 HPs)
             Began as a Spriggan Enchanter on Feb 14, 2018.
             Was an Initiate of Ashenzari.
             Shot with an arrow by a centaur (9 damage)
             ... on level 6 of the Dungeon.
             The game lasted 00:17:42 (8815 turns).

KristoblXynda the Covert (Spriggan Enchanter)       Turns: 8815, Time: 00:17:44

Health: -1/36      AC:  2    Str:  5    XL:     8   Next: 99%
Magic:  12/21      EV: 18    Int: 17    God:    Ashenzari [......]
Gold:   369        SH:  0    Dex: 17    Spells: 15/23 levels left

rFire    . . .     SeeInvis +   a - +2 dagger
rCold    . . .     Gourm    .   (shield restricted)
rNeg     . . .     Faith    .   b - +0 robe
rPois    +         Spirit   .   (helmet restricted)
rElec    .         Reflect  .   (no cloak)
rCorr    .         Harm     .   (gloves unavailable)
MR       +....                  (boots unavailable)
Stlth    ++++++....             (no amulet)
HPRegen  0.12/turn              e - ring of poison resistance
MPRegen  0.17/turn              A - ring of stealth (curse)

@: very quick
A: very small, unfitting armour, see invisible, herbivore, speed 3, slow
metabolism 2
a: Curse Item, Renounce Religion


You were on level 6 of the Dungeon.
You worshipped Ashenzari.
Ashenzari was noncommittal.
You were not hungry.

You visited 1 branch of the dungeon, and saw 6 of its levels.

You collected 369 gold pieces.

Inventory:

Hand Weapons
 a - a +2 dagger (weapon)
Missiles
 w - 2 throwing nets (quivered)
Armour
 b - a +0 robe (worn)
Jewellery
 e - a ring of poison resistance (left hand)
 A - a cursed ring of stealth (right hand)
 C - an uncursed ring of resist corrosion
 D - an uncursed ring of magical power
Wands
 k - a wand of acid (10)
 q - a wand of paralysis (12)
 y - a wand of scattershot (7)
Scrolls
 f - 3 scrolls of teleportation
 g - 2 scrolls of enchant weapon
 h - a scroll of fog
 j - a scroll of magic mapping
 n - a scroll of random uselessness {unknown}
 r - 2 scrolls of amnesia
 u - a scroll of immolation {unknown}
 v - a scroll of fear {unknown}
Potions
 i - 3 potions of berserk rage
 l - a potion of magic {unknown}
 m - a potion of agility
 o - a potion of lignification
 p - a potion of mutation
 s - a potion of ambrosia {unknown}
 t - a potion of experience {unknown}
 x - a potion of curing
 z - a potion of might {unknown}
Books
 c - a book of Maledictions

   Spells                             Type                      Level
   a - Corona                         Hexes                        1
   b - Ensorcelled Hibernation        Hexes/Ice                    2
   c - Confuse                        Hexes                        3
   d - Tukima's Dance                 Hexes                        3
   e - Dazzling Spray                 Conjuration/Hexes            3
Comestibles
 d - 8 rations


   Skills:
 + Level 4.2 Short Blades
 - Level 3.0 Dodging
 + Level 10.7 Stealth
 + Level 8.1 Spellcasting
 + Level 8.4 Hexes


You had 15 spell levels left.
You knew the following spells:

 Your Spells              Type           Power        Failure   Level  Hunger
a - Tukima's Dance        Hex            #####...     1%          3    #......
b - Ensorcelled Hibernat  Hex/Ice        ###...       2%          2    None
c - Confuse               Hex            #####...     1%          3    #......


Dungeon Overview and Level Annotations

Branches:
Dungeon (6/15)             Temple (0/1) D:6

Altars:
Ashenzari
Gozag
Hepliaklqana
Okawaru
Qazlal
Trog
Yredelemnul
Zin
The Shining One

Shops:
D:6 %


Innate Abilities, Weirdness & Mutations

You are very small and have problems with some larger weapons.
You are too small for most types of armour.
You have supernaturally acute eyesight. (SInv)
You are a herbivore.
You cover ground extremely quickly.
You need consume almost no food.


Message History

Unknown command.
Casting: Ensorcelled Hibernation (safe; 2% risk of failure)
Confirm with . or Enter, or press ? or * to list all spells.
Aiming: Ensorcelled Hibernation (safe; 2% risk of failure)
Press: ? - help, Shift-Dir - straight line, f/p - centaur
Aim: a centaur, wielding a shortbow (chance to defeat MR: 50%)
The centaur looks drowsy...
Casting: Ensorcelled Hibernation (safe; 2% risk of failure)
Confirm with . or Enter, or press ? or * to list all spells.
Aiming: Ensorcelled Hibernation (safe; 2% risk of failure)
Press: ? - help, Shift-Dir - straight line, f - orc wizard, p - centaur
Aim: an orc wizard, wielding a dagger and wearing a robe (chance to defeat MR: 50%)
The orc wizard looks drowsy...
The helpless orc wizard fails to defend itself.
You skewer the orc wizard like a kebab!!!
You kill the orc wizard!
The centaur shouts!
You hear a shout!
The centaur shoots an arrow.
The arrow barely misses you.
The centaur shoots an arrow.
The arrow hits you!
You die...

##########********** **
#####(....@)c#*,,,,,,,,* *, ###
#...#....###.#*,**,,,,,***,
..#####...'......#.#*,**,,.,,*,,,
......#...#...####o#*,#*,..,,*,*,
......###.###.....o##.##o.,,,*,**
......'.)...'.....c....ooo,,,,,,,
.#....###.###......##.##c.,,,*,,,
.########....#####.#..##****,*,,,
##...........####......####*,**,,


You could see a centaur.

Vanquished Creatures
  The ghost of mhoghedin the Skirmisher, an amateur CeCK of Xom (D:4)
  A sky beast (D:6)
  2 phantoms (D:6)
  An ogre (D:5)
  2 centaurs
  3 bullfrogs (D:6)
  A scorpion (D:5)
  4 wights (D:6)
  A crimson imp (D:6)
  3 hounds
  A jelly (D:6)
  An orc priest (D:6)
  A bullfrog skeleton (D:4)
  5 orc wizards
  Ijyb (D:3)
  An iguana (D:4)
  2 worker ants
  A hound skeleton (D:4)
  11 gnolls
  9 adders
  2 shadow imps (D:5)
  2 adder skeletons
  4 worms
  4 leopard geckos
  20 orcs
  8 bats
  4 giant cockroaches
  14 hobgoblins
  3 jackals (D:2)
  3 quokkas
  2 ball pythons
  5 frilled lizards
  9 goblins
  7 kobolds
  A leopard gecko skeleton (D:4)
  A quokka skeleton (D:5)
  15 rats
156 creatures vanquished.

Notes
Turn   | Place    | Note
-------+----------+-------------------------------------------
     0 | D:1      | KristoblXynda the Spriggan Enchanter began the quest for the Orb.
     0 | D:1      | Reached XP level 1. HP: 9/9 MP: 5/5
   565 | D:1      | Reached XP level 2. HP: 13/13 MP: 7/7
   582 | D:1      | Learned a level 2 spell: Ensorcelled Hibernation
   807 | D:1      | Reached skill level 5 in Stealth
  1275 | D:2      | Reached XP level 3. HP: 8/16 MP: 1/8
  1800 | D:2      | Learned a level 3 spell: Confuse
  2016 | D:2      | You fall through a shaft!
  2373 | D:3      | Reached XP level 4. HP: 12/21 MP: 8/10
  2796 | D:3      | Noticed Ijyb
  2812 | D:3      | Killed Ijyb
  2812 | D:3      | Reached skill level 6 in Stealth
  3221 | D:2      | Found a glowing silver altar of Zin.
  3270 | D:2      | Reached XP level 5. HP: 24/24 MP: 12/12
  3359 | D:2      | Reached skill level 5 in Hexes
  5023 | D:4      | Reached skill level 7 in Stealth
  5026 | D:4      | Reached skill level 5 in Spellcasting
  5026 | D:4      | Reached XP level 6. HP: 27/28 MP: 14/14
  5093 | D:4      | Noticed mhoghedin's ghost (amateur CeCK)
  5766 | D:4      | Killed mhoghedin's ghost
  5766 | D:4      | Reached skill level 8 in Stealth
  5766 | D:4      | Reached XP level 7. HP: 18/32 MP: 3/17
  6476 | D:5      | Entered Level 5 of the Dungeon
  6616 | D:5      | Found a bloodstained altar of Trog.
  7083 | D:5      | Reached skill level 9 in Stealth
  7448 | D:5      | Found a basalt altar of Yredelemnul.
  7625 | D:5      | Reached XP level 8. HP: 32/36 MP: 12/19
  7741 | D:5      | Found a hazy altar of Hepliaklqana.
  8047 | D:6      | Found an opulent altar of Gozag.
  8053 | D:6      | Found a stormy altar of Qazlal.
  8055 | D:6      | Found an iron altar of Okawaru.
  8088 | D:6      | Found a hazy altar of Hepliaklqana.
  8108 | D:6      | Reached skill level 10 in Stealth
  8237 | D:6      | Found a shattered altar of Ashenzari.
  8270 | D:6      | Became a worshipper of Ashenzari the Shackled
  8374 | D:6      | Found a glowing golden altar of the Shining One.
  8597 | D:6      | Found a bloodstained altar of Trog.
  8635 | D:6      | Learned a level 3 spell: Tukima's Dance
  8727 | D:6      | Found a staircase to the Ecumenical Temple.
  8768 | D:6      | Found Tytavu's Food Shoppe.
  8815 | D:6      | Shot with an arrow by a centaur

Vault maps used:
D:1:      dpeg_arrival_water_fire, minmay_misc_feat_tower,
          minmay_misc_feat_diagonals
D:2:      cheibrodos_greedy_goblins, zin_scriptorium
D:3:      minmay_misc_feat_nine_boxes, solitary_fountain, uniq_ijyb
D:4:      first_ration, st_stairs_4, hex_medium
D:5:      nicolae_overflow_hidden_temple, old_standard_altar,
          trog_butcher_becter
D:6:      nicolae_overflow_crystal_walls, kennysheep_mini, ashenzari_altar_1,
          minitemple, temple_hall, serial_shops, kennysheep_mini_moat,
          basic_altar

Skill      XL: |  1  2  3  4  5  6  7  8 |
---------------+-------------------------+-----
Spellcasting   | 3 4 5 6 8 |  8.1
Hexes          | 4 5 6 7 8 |  8.4
Stealth        | 5 6 7 8 9 10 | 10.7
Short Blades   | 4 |  4.2
Dodging        | |  3.0

Action                   |  1- 3 |  4- 6 |  7- 9 || total
-------------------------+-------+-------+-------++-------
Melee: Dagger            |   168 |   253 |   175 ||   596
 Cast: Corona            |     1 |       |       ||     1
       Ensorcelled Hiber |    26 |    45 |    46 ||   117
       Confuse           |       |    11 |     8 ||    19
Invok: Curse Item        |       |       |     1 ||     1
Evoke: Wand              |       |       |     3 ||     3
  Use: Potion            |     2 |     2 |       ||     4
       Scroll            |       |     3 |     8 ||    11
 Stab: Sleeping          |    23 |    36 |    35 ||    94
       Confused          |       |     6 |     4 ||    10
       Distracted        |       |     1 |       ||     1
       Paralysed         |       |       |     1 ||     1
  Eat: Ration            |       |     3 |     2 ||     5
Armor: Robe              |    17 |    14 |     5 ||    36
       Skin              |       |    13 |     3 ||    16
Dodge: Dodged            |   142 |   198 |    95 ||   435

Table legend:
 A = Spawn XP
 B = Non-spawn XP
 C = Spawn XP percentage of total XP
 D = Spawn monster count
 E = Non-spawn monster count
 F = Spawn count percentage of total count
 G = Total turns spent on level
                    A         B        C        D         E        F      G
               +---------+---------+-------+---------+---------+-------+---------
         Total |       0 |    2794 |   0.0 |       0 |     156 |   0.0 |  8815
               +---------+---------+-------+---------+---------+-------+---------
           D:1 |       0 |      25 |   0.0 |       0 |      18 |   0.0 |  1100
           D:2 |       0 |     100 |   0.0 |       0 |      36 |   0.0 |  1953
           D:3 |       0 |     127 |   0.0 |       0 |      28 |   0.0 |  1941
           D:4 |       0 |     736 |   0.0 |       0 |      29 |   0.0 |  1482
           D:5 |       0 |     483 |   0.0 |       0 |      20 |   0.0 |  1422
           D:6 |       0 |    1323 |   0.0 |       0 |      25 |   0.0 |   917
               +---------+---------+-------+---------+---------+-------+---------
